AoeStats
← RAVANAN

Arena

509631552Analyzed
4v4 RM · 6d ago on Sep 27, 2026· 48m 58s· 8 players
Game mode
Random Map
Map size
Large (8 player)
Population
200
Speed
Normal
Resources
Standard
Victory
Conquest
Starting age
Dark Age
Ending age
Imperial Age
RankedLock teamsTeams togetherTeam positionsShared explorationLock speedFull tech treeHidden civsTurbo modeCheats
Victory
Defeat
🇨🇳 Poles · China
815
+14
🇮🇳 Bohemians · India
809
+14
🇨🇳 Aztecs · China
790
+15
🇹🇭 Franks · Thailand
773
+16
🇲🇽 Maya · Mexico
835
-17
🇨🇭 Magyars · Switzerland
792
-16
🇺🇸 Vikings · United States
733
-13
🇰🇷 Maya · South Korea
730
-13
Makima
9:54 Feudal Age
10:19 Double-Bit Axe
10:15 Horse Collar
17:29 Castle Age
15:44 Stone Mining
16:31 Gold Mining
19:17 Loom
19:19 Town Watch
20:45 Bow Saw
20:58 Fervor
22:13 Scale Mail Armor
22:23 Forging
22:20 Squires
22:10 Arson
31:57 Imperial Age
31:32 Chain Mail Armor
31:52 Iron Casting
30:41 Elite Skirmisher
33:02 Conscription
33:24 Fletching
33:34 Padded Archer Armor
34:32 Caravan
35:52 Wheelbarrow
36:25 Ballistics
37:00 Elite Jaguar Warrior
38:52 Garland Wars
40:41 Plate Mail Armor
41:14 Blast Furnace
44:56 Gold Shaft Mining
46:16 Heavy Plow
RAVANAN
0:32 Loom
13:00 Feudal Age
17:43 Wheelbarrow
16:54 Town Watch
21:28 Castle Age
20:07 Double-Bit Axe
20:25 Horse Collar
24:34 Hand Cart
24:20 Town Patrol
30:32 Fletching
30:44 Padded Archer Armor
33:54 Imperial Age
32:20 Bodkin Arrow
32:41 Leather Archer Armor
32:44 Heavy Plow
36:13 Conscription
36:51 Wagenburg Tactics
36:13 Elite Hussite Wagon
83766496
12:24 Feudal Age
16:33 Castle Age
14:37 Horse Collar
14:44 Double-Bit Axe
22:36 Loom
25:30 Fortified Wall
29:21 Imperial Age
28:25 Wheelbarrow
27:55 Gold Mining
28:35 Fletching
28:54 Scale Barding Armor
28:55 Heavy Plow
29:07 Bow Saw
31:09 Chemistry
30:14 Fletching
30:26 Capped Ram
31:05 Town Watch
32:33 Hand Cart
33:09 Conscription
34:36 Town Patrol
34:48 Forging
35:25 Szlachta Privileges
35:32 Stone Mining
36:43 Crop Rotation
37:09 Iron Casting
36:18 Elite Obuch
37:26 Bloodlines
37:49 Husbandry
37:49 Light Cavalry
37:51 Cavalier
38:54 Chain Barding Armor
38:55 Treadmill Crane
39:13 Murder Holes
39:11 Winged Hussar
41:46 Lechitic Legacy
42:49 Blast Furnace
42:16 Siege Ram
45:44 Scale Mail Armor
Shirai Kuroko
10:54 Feudal Age
13:10 Double-Bit Axe
18:31 Castle Age
18:23 Wheelbarrow
17:36 Loom
18:10 Town Watch
19:43 Forging
20:00 Scale Barding Armor
22:44 Iron Casting
23:40 Bow Saw
23:24 Gold Mining
24:09 Chain Barding Armor
24:14 Fortified Wall
24:01 Murder Holes
24:52 Masonry
27:38 Husbandry
30:07 Ordonnance Companies
30:20 Light Cavalry
30:56 Treadmill Crane
30:47 Elite Skirmisher
36:04 Imperial Age
36:16 Cavalier
37:48 Paladin
39:33 Gold Shaft Mining
redpodo
10:08 Loom
13:30 Feudal Age
16:24 Wheelbarrow
15:44 Gold Mining
15:44 Double-Bit Axe
16:09 Horse Collar
17:02 Town Watch
18:29 Padded Archer Armor
18:30 Scale Mail Armor
18:39 Fletching
19:02 Forging
23:33 Castle Age
21:36 Man-at-Arms
22:02 Arson
22:46 Stone Mining
26:26 Hand Cart
26:13 Town Patrol
27:21 Heavy Plow
28:03 Stone Shaft Mining
27:42 Bow Saw
28:15 Coinage
29:05 Thumb Ring
28:22 Crossbowman
30:08 Leather Archer Armor
30:22 Ballistics
31:11 Caravan
31:47 Chain Mail Armor
31:18 Elite Skirmisher
32:09 Bodkin Arrow
32:34 Squires
40:03 Hul'che Javelineers
41:13 Iron Casting
43:20 Imperial Age
41:13 Masonry
40:45 Treadmill Crane
40:56 Heated Shot
40:57 Guard Tower
41:19 Fortified Wall
41:05 Murder Holes
43:47 Eagle Warrior
43:48 Pikeman
43:49 Long Swordsman
43:58 Arbalester
46:10 Atonement
47:27 Two-Handed Swordsman
Travis Ro
12:14 Feudal Age
13:50 Horse Collar
16:28 Castle Age
14:57 Double-Bit Axe
16:38 Gold Mining
19:14 Wheelbarrow
25:00 Hand Cart
25:56 Heavy Plow
27:27 Bow Saw
27:25 Fletching
31:46 Imperial Age
30:00 Forging
29:50 Scale Mail Armor
29:15 Eagle Warrior
29:56 Squires
29:41 Arson
32:48 Conscription
32:59 Holcans
31:54 Elite Eagle Warrior
33:32 Iron Casting
33:12 Chain Mail Armor
35:32 Blast Furnace
35:38 Plate Mail Armor
Securias
6:04 Loom
10:45 Feudal Age
15:26 Castle Age
14:31 Horse Collar
15:01 Double-Bit Axe
16:26 Heavy Plow
20:13 Wheelbarrow
20:46 Bow Saw
24:00 Fletching
25:08 Corvinian Army
26:31 Hand Cart
26:28 Town Watch
28:06 Gold Mining
29:36 Padded Archer Armor
33:55 Husbandry
36:11 Gold Shaft Mining
35:52 Bloodlines
35:51 Scale Barding Armor
37:01 Town Patrol
39:48 Imperial Age
40:58 Elite Magyar Huszar
41:47 Cavalier
42:55 Conscription
43:48 Chain Barding Armor
46:36 Bodkin Arrow
47:04 Ballistics
46:36 Heated Shot
49:11 Plate Barding Armor
48:37 Bracer
49:43 Chemistry
48:57 Masonry
49:24 Stone Mining
Don Typhoon
10:58 Feudal Age
11:24 Double-Bit Axe
11:24 Horse Collar
18:49 Castle Age
18:17 Stone Mining
18:18 Gold Mining
19:51 Bow Saw
19:46 Heavy Plow
30:00 Imperial Age
29:07 Gold Shaft Mining
29:39 Forging
29:30 Scale Mail Armor
29:48 Squires
29:33 Arson
29:11 Man-at-Arms
31:21 Iron Casting
31:37 Crop Rotation
32:11 Two-Man Saw
31:47 Chain Mail Armor
32:05 Long Swordsman
33:50 Blast Furnace
33:01 Two-Handed Swordsman
34:17 Plate Mail Armor
35:02 Champion
37:39 Conscription
37:40 Elite Berserk
39:00 Coinage
38:31 Caravan
40:13 Chieftains
Connection lost

Rejoining the realm…

Still unreachable

The connection could not be restored.

Session expired

The server has moved on; the page needs a fresh start.